 Dungeon Crawl Stone Soup version 0.26.0-45-g9c1d065592 (webtiles) character file.

Game seed: 8832141593221647476

50 kaeus the Shield-Bearer (level 3, -8/26 HPs)
             Began as an Octopode Fighter on Jan 29, 2021.
             Killed by an exploding a hobgoblin (34 damage)
             ... exploding inner flame
             ... on level 2 of the Dungeon.
             The game lasted 00:01:02 (977 turns).

kaeus the Shield-Bearer (Octopode Fighter)           Turns: 977, Time: 00:01:03

Health: -8/26      AC:  1    Str: 15    XL:     3   Next: 79%
Magic:  3/3        EV: 12    Int: 10    God:
Gold:   77         SH:  9    Dex: 12    Spells: 2/2 levels left

rFire    . . .     SeeInvis .   a - +0 rapier
rCold    . . .     Faith    .   b - +1 kite shield
rNeg     . . .     Spirit   .   (helmet restricted)
rPois    .         Reflect  .   (no amulet)
rElec    .         Harm     .   l - ring of attention (curse)
rCorr    .         Rampage  .   (no ring)
Will     .....                  (no ring)
Stlth    ++........             (no ring)
HPRegen  0.08/turn              (no ring)
MPRegen  0.08/turn              (no ring)
                                (no ring)
                                (no ring)

@: no status effects
A: almost no armour, stealthy swim, amphibious, 8 rings, constrict 8, camouflage
1, gelatinous body 1
a: no special abilities


You were on level 2 of the Dungeon.
You visited 1 branch of the dungeon, and saw 2 of its levels.

You collected 77 gold pieces.

Inventory:

Hand Weapons
 a - a +0 rapier (weapon)
Missiles
 h - 16 poisoned darts
Armour
 b - a +1 kite shield (worn)
Jewellery
 l - a cursed ring of attention (left tentacle)
Scrolls
 i - a scroll of magic mapping
Potions
 c - 2 potions of might
 d - a potion of curing {unknown}
 f - a potion of brilliance {unknown}
 j - a potion of magic {unknown}
 m - a potion of lignification {unknown}


   Skills:
 + Level 3.2 Fighting
 + Level 2.3 Short Blades
 + Level 3.3 Dodging
 * Level 2.6 Stealth
 + Level 3.3 Shields
 + Level 0.1 Spellcasting


You had 2 spell levels left.
You didn't know any spells.
Your spell library was empty.

Dungeon Overview and Level Annotations

Branches:
Dungeon (2/15)

Altars:
Nemelex Xobeh


Innate Abilities, Weirdness & Mutations

You cannot wear most types of armour.
You are very stealthy in the water. (Stealth+)
You are amphibious.
You can wear up to eight rings at the same time.
You can use your tentacles to constrict eight enemies at once.
Your skin changes colour to match your surroundings (Stealth+).
Your rubbery body absorbs attacks. (AC +1, EV +1)


Message History

As you read the scroll labelled LERUSA MIXAUCI, it crumbles to dust.
The creatures around you are filled with an inner flame!
It was a scroll of immolation.
As you read the scroll labelled HIEXZU KETHA, it crumbles to dust.
It is a scroll of enchant armour.
Your +0 kite shield glows green for a moment.
The hobgoblin shouts!
You hear an angry hiss.
As you read the scroll labelled QUPRI VADWIA, it crumbles to dust.
It is a scroll of identify.
i - a scroll of magic mapping A leopard gecko comes into view.
A hobgoblin is nearby!
A hobgoblin is nearby!
You closely miss the hobgoblin. You grab the hobgoblin.
Flame seeps out of the hobgoblin.
You constrict the hobgoblin.
The hobgoblin is engulfed in blazing flames.
The hobgoblin explodes!
The fiery explosion engulfs you!!
Ouch! That really hurt!
You die...

...##..## ###
...#...##...
.###...........
...............
.............
..§§....... #
#§○§...... ##..###@§.#
........#.#
..##.###...## ..
#.##.# ##...#
...##.#..# ##..#
≈..≈≈...≈.#####..####
.(≈..≈..≈.≈#.....<...#
≈≈≈≈≈≈≈≈≈≈≈#.........#
≈≈≈≈≈≈≈≈≈..#.........#


There were no monsters in sight!

Vanquished Creatures
  An adder (D:2)
  An ooze (D:1)
  2 dart slugs
  2 leopard geckos
  A giant cockroach (D:1)
  3 goblins (D:1)
  A hobgoblin (D:2)
  2 jackals (D:1)
  6 bats (D:1)
  5 frilled lizards (D:1)
  5 kobolds
  4 rats (D:1)
33 creatures vanquished.

Vanquished Creatures (others)
  2 plants (D:1)
2 creatures vanquished.

Grand Total: 35 creatures vanquished

Notes
Turn   | Place    | Note
-------+----------+-------------------------------------------
     0 | D:1      | kaeus the Octopode Fighter began the quest for the Orb.
     0 | D:1      | Reached XP level 1. HP: 16/16 MP: 1/1
    82 | D:1      | Reached skill level 1 in Stealth
    82 | D:1      | Reached XP level 2. HP: 17/21 MP: 2/2
   583 | D:1      | Reached XP level 3. HP: 26/26 MP: 3/3
   669 | D:1      | Found a sparkling altar of Nemelex Xobeh.
   928 | D:2      | Found a faded altar of an unknown god.
   977 | D:2      | Killed by an exploding a hobgoblin... exploding inner flame

Illustrated notes

Levels and vault maps discovered:
D:1:      amcnicky_arrival_gap_in_the_tavern_cellar, layout_basic,
          serial_forest, infiniplex_forest_clump_cross,
          infiniplex_forest_corner_1, infiniplex_forest_zigzag_1,
          infiniplex_forest_end_1, infiniplex_forest_clump_long,
          infiniplex_forest_lined_ring, infiniplex_forest_end_1,
          nemelex_diamond_rough_becter
D:2:      layout_rooms, chequers_ecumenical_altar_island,
          kennysheep_generic_room_10

Skill      XL: |  1  2 |
---------------+-------+-----
Stealth        | 1 2 |  2.6
Fighting       | |  3.2
Short Blades   | |  2.3
Dodging        | |  3.3
Shields        | |  3.3
Spellcasting   | |  0.1

Action                   || total
-------------------------++-------
Melee: Rapier            ||    53
       Tentacles         ||    11
       Constrict         ||    15
  Use: Scroll            ||     3
 Stab: Sleeping          ||     8
Armor: Skin              ||     3
Dodge: Dodged            ||    15
Block: Kite shield       ||    21
